 Dungeon Crawl Stone Soup version 0.32-a0-699-g1ee5eff69a (webtiles) character file.

Game seed: 5942621949027291449

438 arcshroob the Trooper (level 6, -9/49 HPs)
             Began as a Demonspawn Shapeshifter on Mar 13, 2024.
             Killed by divine providence
             ... invoked by an orc priest
              (16 damage)
             ... on level 6 of the Dungeon.
             The game lasted 00:08:14 (3088 turns).

arcshroob the Trooper (Demonspawn Shapeshifter)     Turns: 3088, Time: 00:08:15

Health: -9/49      AC:  2    Str: 18    XL:     6   Next: 69%
Magic:  6/6        EV: 12    Int:  8    God:
Gold:   254        SH:  0    Dex: 12    Spells: 5/5 levels left

rFire   . . .        s - +3 spear of Weup {drain, rC++ Int-3 SInv}
rCold   + + .        (no shield)
rNeg    . . .        m - +0 robe of Levasuext {Rampage Regen+ Str+2}
rPois   .            (helmet currently unavailable)
rElec   .            (cloak currently unavailable)
rCorr   .            (gloves currently unavailable)
SInv    +            (boots currently unavailable)
Will    .....        (no amulet)
Stlth   +            (no ring)
HPRegen 1.08/turn    (no ring)
MPRegen 0.10/turn

%: rampage
@: confused, beast-form, ambrosia-drunk, invisible
A: beast (slay +2), claws 1, hooves 1, horns 2
a: Begin Untransformation


You were on level 6 of the Dungeon.
You were a hulking beast.
You visited 1 branch of the dungeon, and saw 6 of its levels.

You collected 254 gold pieces.

Inventory:

Hand Weapons
 s - the +3 spear of Weup (weapon) {drain, rC++ Int-3 SInv}
   (You found it on level 4 of the Dungeon)

   Int-3:     It affects your intelligence (-3).
   rC++:      It greatly protects you from cold.
   SInv:      It lets you see invisible.
Missiles
 q - a throwing net (quivered)
Armour
 a - a +0 animal skin
 g - a scarf of shadows
 m - the +0 robe of Levasuext (worn) {Rampage Regen+ Str+2}
   (You found it on level 3 of the Dungeon)

   Str+2:     It affects your strength (+2).
   Regen+:    It increases your rate of health regeneration.
   Rampage:   It bestows one free step when moving towards enemies.
Jewellery
 t - a ring of protection from fire
Talismans
 c - a beast talisman (active)
 d - a flux talisman
Wands
 u - a wand of digging (5)
Scrolls
 h - a scroll of fear {unknown}
 i - a scroll of blinking
 l - a scroll of revelation {unknown}
 n - a scroll of poison {unknown}
 o - a scroll of butterflies {unknown}
 v - a scroll of fog {unknown}
 w - 3 scrolls of identify
Potions
 b - a potion of enlightenment {unknown}
 f - a potion of curing {unknown}
 j - a potion of might {unknown}
 p - a potion of resistance
 r - a potion of heal wounds {unknown}


   Skills:
 - Level 4.5 Fighting
 - Level 3.4 Dodging
 - Level 2.6 Unarmed Combat
 + Level 4.4 Shapeshifting


You had 5 spell levels left.
You didn't know any spells.
Your spell library contained the following spells:

 Spells                   Type           Power      Damage    Failure   Level
 Static Discharge         Conj/Air       0%         3-3/arc   54%         2
 Airstrike                Air            0%         2d(0-16)  99%         4
 Summon Lightning Spire   Summ/Air       0%         N/A       99%         4


Dungeon Overview and Level Annotations

Branches:
Dungeon (6/15)
 Temple: D:4-7

Altars:
Ashenzari
Fedhas
Wu Jian


Innate Abilities, Weirdness & Mutations

You are a hulking beast.
Your limbs bulge with bestial killing power. (Slay +2)
You have sharp fingernails.
You have large cloven feet.
You have a pair of horns on your head.


Message History

The ufetubus barely misses you. The ufetubus hits you.
* * * LOW HITPOINT WARNING * * *
The ufetubus completely misses you. The ufetubus barely misses you.
The centaur shoots an arrow.
The arrow closely misses the ufetubus.
The arrow misses the ufetubus.
There is a stone staircase leading down here.
The centaur shoots an arrow.
The arrow barely misses the ufetubus.
The arrow misses the ufetubus.
The ufetubus barely misses you. x2
The centaur shoots an arrow.
The arrow hits the ufetubus.
The ufetubus hits you. The ufetubus barely misses you.
You climb downwards.
The orc priest shouts!
You hear a shout! x2
Found a robe.
There is a stone staircase leading up here.
The orc priest shouts!
You hit the ufetubus.
You kill the ufetubus!
The orc priest shouts!
An orc wizard comes into view. It is wielding a +0 dagger.
The orc priest calls down the wrath of Beogh upon you.
Beogh smites you!
* * * LOW HITPOINT WARNING * * *
Found an ornate altar of the Wu Jian Council.
An orc priest comes into view. It is wielding a +0 trident.
The orc wizard casts a spell at you.
The orc priest resists with some effort.
The orc priest shouts!
Okay, then.
Found a ring mail.
The orc priest shouts!
You hear an angry hiss.
The orc priest invokes the aid of Beogh against you.
Pain shoots through your body!
* * * LOW HITPOINT WARNING * * *
Unknown command.
There are monsters nearby!
You are confused.
You feel invigorated.
The orc priest invokes the aid of Beogh against you.
Beogh smites you!
You die...

................
.................
.............o.#
................
............oo
..........oo#
............##.#
...............#
..#..#h#.#.##.# #
#.<.......#
#.#.#.##..#
.....#.# .#
......[. . #
###.#.#.#.##
#........ .[.._..
.. ## .. .. ##.


You could see 3 orc priests, an orc wizard (unable to see you) and an orc
(unable to see you).

Vanquished Creatures
  Prince Ribbit (D:5)
  An ogre (D:4)
  4 gnolls
  4 adders
  A white imp (D:3)
  An ufetubus (D:6)
  2 dart slugs
  5 orcs
  4 bats
  8 endoplasms
  3 giant cockroaches
  5 goblins
  8 hobgoblins
  3 jackals (D:2)
  7 kobolds
  2 ball pythons (D:3)
  3 frilled lizards
  4 rats
66 creatures vanquished.

Notes
Turn   | Place    | Note
-------+----------+-------------------------------------------
     0 | D:1      | arcshroob the Demonspawn Shapeshifter began the quest for
                  | the Orb.
     0 | D:1      | Reached XP level 1. HP: 15/15 MP: 1/1
   456 | D:1      | Discovered your monstrous ancestry.
   456 | D:1      | Gained mutation: You have large cloven feet. [demonic
                  | ancestry]
   456 | D:1      | Reached XP level 2. HP: 14/21 MP: 2/2
   734 | D:2      | Gained mutation: You have a pair of small horns on your
                  | head. [demonic ancestry]
   734 | D:2      | Reached XP level 3. HP: 23/26 MP: 3/3
  1089 | D:2      | Found a faded altar of an unknown god.
  1384 | D:3      | Found a blossoming altar of Fedhas.
  1637 | D:3      | Identified the +0 robe of Levasuext {Rampage Regen+ Str+2}
  1683 | D:3      | Gained mutation: You have sharp fingernails. [demonic
                  | ancestry]
  1683 | D:3      | Reached XP level 4. HP: 26/33 MP: 4/4
  2313 | D:4      | Found a broken altar of Ashenzari.
  2344 | D:4      | Identified the +3 spear of Weup {drain, rC++ Int-3 SInv}
  2352 | D:4      | Noticed an ogre
  2381 | D:4      | Killed an ogre
  2382 | D:4      | Reached XP level 5. HP: 6/43 MP: 5/5
  2891 | D:5      | Entered Level 5 of the Dungeon
  2922 | D:5      | Noticed Prince Ribbit
  2954 | D:5      | Killed Prince Ribbit
  2955 | D:5      | Gained mutation: You have a pair of horns on your head.
                  | [demonic ancestry]
  2955 | D:5      | Reached XP level 6. HP: 25/49 MP: 6/6
  3072 | D:5      | HP: 1/49 [centaur/arrow (8)]
  3084 | D:6      | Found an ornate altar of the Wu Jian Council.
  3087 | D:6      | HP: 1/49 [orc priest/nerve-wracking pain (8)]
  3088 | D:6      | Killed from afar by an orc priest

Illustrated notes

Levels and vault maps discovered:
D:1:      minmay_arrival_nine_rooms, layout_loops_ring, minmay_liquid_box,
          minmay_misc_feat_alley, serial_bayou_pond_a
D:2:      layout_loops_corners, dreamdust_ecumenical_altar_grove
D:3:      layout_loops_ring, fedhas_altar_3, chequers_big_river,
          minmay_statues_item, chequers_serial_rivers_marsh
D:4:      layout_cave_pools, amcnicky_altar_gilded
D:5:      corexii_shantytown, layout_gridville, kennysheep_mini,
          nicolae_qazlal_general_emergency, mainiacjoe_overflow_chevrons,
          serial_shops, nicolae_shop_pleasant_corner_grove,
          hangedman_decor_peaks_small, hangedman_abyss_or_decor_stagger,
          nrook_mini_backslash, hellmonk_no_cap, uniq_prince_ribbit1
D:6:      nicolae_cairo_tiling, layout_basic, mainiacjoe_overflow_brackets,
          grunt_temple_overflow_open

Skill      XL: |  1  2  3  4  5 |
---------------+----------------+-----
Dodging        | 2 3 |  3.4
Fighting       | 2 4 |  4.5
Shapeshifting  | 4 |  4.4
Unarmed Combat | |  2.6

Action                     |  1- 3 |  4- 6 || total
---------------------------+-------+-------++-------
  Melee: Unarmed           |    84 |    36 ||   120
         Kick              |    15 |    13 ||    28
         Headbutt          |     5 |     9 ||    14
         Spear             |       |    42 ||    42
    Use: Scroll            |       |     4 ||     4
         Potion            |       |     4 ||     4
   Stab: Sleeping          |     2 |     3 ||     5
 Armour: Animal skin       |    35 |       ||    35
         Robe              |     5 |    40 ||    45
         Skin              |       |     4 ||     4
  Dodge: Dodged            |    53 |    45 ||    98

Table legend: (Time is in decaauts)
 A = Elapsed time spent in this place.
 B = Non-inter-level travel time spent in this place.
 C = Inter-level travel time spent in this place.
 D = Time resting spent in this place.
 E = Time spent auto-exploring this place.
 F = Levels seen in this place.
 G = Mean time per level.
                   A        B        C        D        E       F      G
               +--------+--------+--------+--------+--------+-----+--------+
         Total |   3096 |   3003 |     93 |     55 |   2264 |   6 |  516.0 |
       Dungeon |   3096 |   3003 |     93 |     55 |   2264 |   6 |  516.0 |
               +--------+--------+--------+--------+--------+-----+--------+

Top non-repeatable levels by time:
     D:3: 916 daAuts
     D:2: 843 daAuts
     D:4: 620 daAuts
     D:1: 517 daAuts
     D:5: 193 daAuts
     D:6: 5 daAuts
